AoeStats
← Baturik

Nomad

509150674Analyzed
2v2 RM · 6d ago on Sep 25, 2026· 40m 27s· 4 players
Game mode
Random Map
Map size
176×176
Population
200
Speed
Normal
Resources
Standard
Victory
Conquest
Starting age
Dark Age
Ending age
Imperial Age
RankedLock teamsTeams togetherTeam positionsShared explorationLock speedFull tech treeHidden civsTurbo modeCheats
Victory
Defeat
🇩🇪 Varangians · Germany
968
+14
🇩🇪 Mongols · Germany
967
+14
🇧🇾 Armenians · Belarus
943
-44
🇦🇷 Slavs · Argentina
908
-37
Baturik
11:16 Loom
17:37 Feudal Age
17:46 Man-at-Arms
18:20 Horse Collar
19:26 Double-Bit Axe
19:35 Gold Mining
21:24 Wheelbarrow
23:47 Stone Mining
32:08 Castle Age
Professor
11:30 Loom
17:32 Feudal Age
18:54 Wheelbarrow
19:15 Double-Bit Axe
19:19 Horse Collar
20:35 Town Watch
27:14 Castle Age
27:56 Elite Skirmisher
33:09 Fletching
33:21 Padded Archer Armor
33:28 Pikeman
MRKijantscho
3:22 Loom
13:20 Feudal Age
17:12 Castle Age
15:57 Fletching
16:40 Double-Bit Axe
17:36 Wheelbarrow
17:08 Gold Mining
18:19 Bow Saw
20:46 Town Watch
22:08 Hand Cart
22:36 Horse Collar
23:29 Heavy Plow
24:26 Stone Mining
28:17 Stone Shaft Mining
30:02 Bodkin Arrow
30:08 Padded Archer Armor
33:51 Imperial Age
32:40 Scale Mail Armor
32:58 Forging
32:56 Scale Barding Armor
33:06 Leather Archer Armor
33:29 Murder Holes
34:01 Arson
34:16 Squires
34:02 Gambesons
35:39 Two-Man Saw
35:19 Conscription
34:40 Onager
36:26 Iron Casting
37:21 Siege Engineers
38:11 Chain Mail Armor
39:50 Elite Varangian Guard
41:33 Blast Furnace
41:12 Plate Mail Armor
DaSpin789
5:12 Loom
12:37 Feudal Age
17:46 Castle Age
15:56 Double-Bit Axe
18:17 Fishing Lines
18:59 Bow Saw
19:13 Fletching
20:01 Horse Collar
21:43 Padded Archer Armor
24:14 Gillnets
25:44 Gold Mining
25:45 Stone Mining
26:32 Wheelbarrow
33:01 Hand Cart
33:43 Bodkin Arrow
34:03 Leather Archer Armor
33:59 Forging
34:37 Gold Shaft Mining
34:38 Stone Shaft Mining
41:07 Imperial Age
39:01 Atonement
40:07 Iron Casting
Connection lost

Rejoining the realm…

Still unreachable

The connection could not be restored.

Session expired

The server has moved on; the page needs a fresh start.